 Dungeon Crawl Stone Soup version 0.20-a0-681-gf83e07f (webtiles) character file.

95 Alarkh the Ruffian (level 4, -4/38 HPs)
             Began as a Ghoul Monk on Feb 18, 2017.
             Slain by a gnoll
             ... wielding a +0 spear
              (8 damage)
             ... on level 3 of the Dungeon.
             The game lasted 00:01:39 (1359 turns).

Alarkh the Ruffian (Ghoul Monk)                     Turns: 1359, Time: 00:01:40

Health: -4/38      AC:  3    Str: 14    XL:     4   Next: 65%
Magic:  3/3        EV: 12    Int:  6    God:
Gold:   117        SH:  0    Dex: 11    Spells: 3/3 levels left

rFire    x . .     SeeInvis .     - Unarmed
rCold    + + .     Gourm    .   a - +0 robe
rNeg     + + +     Faith    .   (no shield)
rPois    ∞         Spirit   .   (no helmet)
rElec    .         Reflect  .   d - +0 cloak
rCorr    .         Harm     .   (no gloves)
MR       .....                  (no boots)
Stlth    ++........             (no amulet)
Regen    0.1/turn               (no ring)
MPRegen  0.1/turn               l - ring of ice

@: rotting
A: rotting body, claws 1, carnivore 3, cold resistance 1, negative energy
resistance 3, slow regeneration 1, torment resistance, unbreathing
a: no special abilities


You were on level 3 of the Dungeon.
You were not hungry.

You visited 1 branch of the dungeon, and saw 3 of its levels.

You collected 117 gold pieces.

Inventory:

Armour
 a - a +0 robe (worn)
 d - a +0 cloak (worn)
Jewellery
 l - a ring of ice (left claw)
Scrolls
 e - 2 scrolls of teleportation
 f - a scroll of noise {unknown}
 i - a scroll of fear {unknown}
 j - a scroll of amnesia {unknown}
 k - a scroll of enchant armour {unknown}
 n - a scroll of fog {unknown}
 r - a scroll of remove curse {unknown}
 s - a scroll of identify {unknown}
Potions
 g - a potion of degeneration {unknown}
 h - a potion of lignification {unknown}
 m - a potion of curing {unknown}
 o - a potion of agility {unknown}
 q - a potion of heal wounds {unknown}
Comestibles
 b - 2 meat rations
 p - a royal jelly


   Skills:
 - Level 3.2 Fighting
 - Level 2.6 Dodging
 - Level 2.1 Stealth
 + Level 5.7 Unarmed Combat


You had 3 spell levels left.
You didn't know any spells.

Dungeon Overview and Level Annotations

Branches:
Dungeon (3/15)

Altars:


Innate Abilities, Weirdness & Mutations

Your body is rotting away.
You thrive on raw meat.
You are immune to poison.
You have sharp fingernails.
You are carnivorous and can eat meat at any time.
Your flesh is cold resistant. (rC+)
You are immune to negative energy. (rN+++)
You regenerate slowly when monsters are visible.
You are immune to unholy pain and torment.
You can survive without breathing.


Message History

Eat one of 3 chunks of flesh? (ye/n/q)
You eat one of the 3 chunks of flesh.
This raw flesh tastes great!
The gnoll hits you from afar with a spear!
Eat one of 2 chunks of flesh? (ye/n/q)
You eat one of the 2 chunks of flesh.
This raw flesh tastes great!
The gnoll misses you.
Eat a chunk of flesh? (ye/n/q)
You eat the chunk of flesh.
This raw flesh tastes great!
The gnoll barely misses you.
Okay, then.
The gnoll hits you with a spear! The gnoll barely misses you.
You scratch the gnoll but do no damage.
The gnoll is lightly wounded.
The gnoll hits you with a spear! The gnoll hits you but does no damage.
You closely miss the gnoll.
The gnoll is lightly wounded.
The gnoll hits you with a spear!
* * * LOW HITPOINT WARNING * * *
The gnoll hits you from afar with a spear!
You die...

## # #.. # #.# # #+#
#.# # #.# #.# # #.#
#.# # # ##.###.# %#
##...##.####g.#
#......?.)@gg.#
########...##.####.##
........#......... #
#######....##.####
###.###.# #.....#
#######


You could see 2 gnolls and a hobgoblin.

Vanquished Creatures
  A gnoll (D:3)
  3 adders (D:2)
  A worm (D:2)
  2 dart slugs
  2 giant cockroaches
  8 goblins
  6 hobgoblins
  2 jackals (D:2)
  9 kobolds
  A quokka (D:2)
  A ball python (D:2)
  7 bats
  3 frilled lizards
  3 rats (D:2)
49 creatures vanquished.

Notes
Turn   | Place    | Note
-------+----------+-------------------------------------------
     0 | D:1      | Alarkh the Ghoul Monk began the quest for the Orb.
     0 | D:1      | Reached XP level 1. HP: 19/19 MP: 0/0
   145 | D:1      | Reached XP level 2. HP: 21/26 MP: 1/1
   344 | D:1      | Reached skill level 4 in Unarmed Combat
   768 | D:2      | Reached XP level 3. HP: 28/31 MP: 2/2
   846 | D:2      | Reached skill level 5 in Unarmed Combat
  1026 | D:2      | Reached XP level 4. HP: 36/38 MP: 3/3
  1359 | D:3      | Slain by a gnoll

Vault maps used:
D:1:      co_arrival_random_square_maze
D:2:      kennysheep_six_static_rooms, kennysheep_potato
D:3:      grunt_temple_overflow_open, first_bread

Skill      XL: |  1  2  3 |
---------------+----------+-----
Unarmed Combat | 4 5 |  5.7
Fighting       | |  3.2
Dodging        | |  2.6
Stealth        | |  2.1

Action                   |  1- 3 |  4- 6 || total
-------------------------+-------+-------++-------
Melee: Unarmed           |   101 |    59 ||   160
       Punch             |     1 |       ||     1
  Use: Scroll            |       |     1 ||     1
 Stab: Sleeping          |    10 |     1 ||    11
  Eat: Chunk             |     9 |     7 ||    16
Armor: Robe              |    15 |    29 ||    44
Dodge: Dodged            |    66 |    54 ||   120
